 Dungeon Crawl Stone Soup version 0.25.1-2-g60ff931df9 (webtiles) character file.

Game seed: 6386530657820512968

22 solopath the Chiller (level 2, 0/19 HPs)
             Began as a Barachi Ice Elementalist on Nov 5, 2020.
             Succumbed to an adder's poison
             ... on level 2 of the Dungeon.
             The game lasted 00:01:15 (1035 turns).

solopath the Chiller (Barachi Ice Elementalist)     Turns: 1035, Time: 00:01:16

Health: 0/19       AC:  2    Str:  9    XL:     2   Next: 91%
Magic:  5/5        EV: 12    Int: 15    God:
Gold:   44         SH:  0    Dex: 12    Spells: 5/6 levels left

rFire    . . .     SeeInvis .   (no weapon)
rCold    . . .     Gourm    .   (no shield)
rNeg     . . .     Faith    .   a - +0 robe
rPois    .         Spirit   .   (no helmet)
rElec    .         Reflect  .   (no cloak)
rCorr    .         Harm     .   (no gloves)
MR       .....                  (no boots)
Stlth    ++........             (no amulet)
HPRegen  0.06/turn              (no ring)
MPRegen  0.09/turn              (no ring)

@: brilliant, lethally poisoned (0 -> -4), slow
A: +LOS, swims, slowness 1, strong legs 1
a: Hop


You were on level 2 of the Dungeon.
You were hungry.

You visited 1 branch of the dungeon, and saw 2 of its levels.

You collected 44 gold pieces.

Inventory:

Missiles
 g - 5 poisoned darts (quivered)
Armour
 a - a +0 robe (worn)
Scrolls
 e - a scroll of teleportation {unknown}
 f - a scroll of random uselessness {unknown}
 h - a scroll of identify {unknown}
 i - a scroll of remove curse {unknown}
Comestibles
 c - 4 rations


   Skills:
 - Level 2.1 Dodging
 + Level 2.2 Stealth
 + Level 2.5 Spellcasting
 * Level 5.3 Ice Magic


You had 5 spell levels left.
You knew the following spells:

 Your Spells              Type           Power        Failure   Level  Hunger
a - Freeze                Ice            ####         2%          1    None

Your spell library contained the following spells:

 Spells                   Type           Power        Failure   Level  Hunger
 Frozen Ramparts          Ice            ####..       7%          3    None
 Ozocubu's Armour         Chrm/Ice       ##......     22%         3    None
 Hailstorm                Conj/Ice       ##......     56%         4    None
 Summon Ice Beast         Ice/Summ       ##......     56%         4    None


Dungeon Overview and Level Annotations

Branches:
Dungeon (2/15)

Altars:
Xom
Zin


Innate Abilities, Weirdness & Mutations

You can be seen from farther away. (+LOS)
You can swim through water.
You cover ground slowly.
You can hop short distances.


Message History

Found a scale mail.
* * * LOW HITPOINT WARNING * * *
You feel sick.
You see here 10 gold pieces.
You now have 44 gold pieces (gained 10).
* * * LOW HITPOINT WARNING * * *
You feel sick.
You open the door.
Found a ration.
* * * LOW HITPOINT WARNING * * *
You feel sick.
There is an open door here.
* * * LOW HITPOINT WARNING * * *
You feel sick.
You see here a ration.
c - 4 rations (gained 1)
* * * LOW HITPOINT WARNING * * *
You feel sick.
A rat comes into view.
You die...

#....# #...# +....+ +.>.#
#.r..# #...# #....# #...#
#....# #...# #....#
#...######[ #....#
#....(.....
#....######....######
#...@.....'..?.......
##+##.#####.....####<
#.##.##........#
#.#####.#...+.....#..#
###.#.......###†(.#.#..#
........_.....'.........#
......#####...#.........#
.....#..A#...#.........#
#...#...#...#.......#.#


You could see a rat (asleep).

Vanquished Creatures
  An adder (D:2)
  A dart slug (D:1)
  2 giant cockroaches
  A goblin (D:1)
  A hobgoblin (D:1)
  A kobold (D:1)
  A bat (D:1)
  3 rats
11 creatures vanquished.

Notes
Turn   | Place    | Note
-------+----------+-------------------------------------------
     0 | D:1      | solopath the Barachi Ice Elementalist began the quest for
                  | the Orb.
     0 | D:1      | Reached XP level 1. HP: 13/13 MP: 3/3
   218 | D:1      | Reached skill level 5 in Ice Magic
   341 | D:1      | Reached XP level 2. HP: 16/19 MP: 1/5
   977 | D:2      | Found a glowing silver altar of Zin.
   978 | D:2      | Noticed an angel
   981 | D:2      | Found a shimmering altar of Xom.
  1035 | D:2      | Succumbed to an adder's poison

Illustrated notes

Levels and vault maps discovered:
D:1:      ncdulo_wetmaze, layout_loops_ring
D:2:      layout_basic, grunt_temple_overflow_order_and_chaos_1, uniq_natasha

Skill      XL: |  1 |
---------------+----+-----
Ice Magic      | 5 |  5.3
Stealth        | 2 |  2.2
Dodging        | |  2.1
Spellcasting   | |  2.5

Action                   || total
-------------------------++-------
Melee: Unarmed           ||     8
Throw: Dart              ||     2
 Cast: Freeze            ||    22
  Use: Potion            ||     2
 Stab: Sleeping          ||     2
Armor: Robe              ||     4
Dodge: Dodged            ||    26
